 Dungeon Crawl Stone Soup version 0.19.5 (webtiles) character file.

36 Malomalsky the Caller (level 3, -1/19 HPs)
             Began as a Deep Elf Summoner on May 2, 2017.
             Slain by an adder (4 damage)
             ... on level 2 of the Dungeon.
             The game lasted 00:07:53 (1426 turns).

Malomalsky the Caller (Deep Elf Summoner)           Turns: 1426, Time: 00:07:53

Health: -1/19      AC:  4    Str:  3    XL:     3   Next: 19%
Magic:  7/10       EV: 13    Int: 20    God:
Gold:   54         SH:  0    Dex: 15    Spells: 2 memorised, 6 levels left

rFire  . . .     SeeInvis .     (no weapon)
rCold  . . .     Gourm    .     a - +0 robe
rNeg   . . .     Faith    .     (no shield)
rPois  .         Spirit   .     (helmet restricted)
rElec  .         Reflect  .     (no cloak)
rCorr  .         Harm     .     (no gloves)
MR     .....                    (no boots)
Stlth  ++........               (no amulet)
                                (no ring)
                                (no ring)

@: lethally poisoned (-1 -> -5)
A: horns 1, icy blue scales 1, weak 1
a: no special abilities


You were on level 2 of the Dungeon.
You were not hungry.

You visited 1 branch of the dungeon, and saw 2 of its levels.

You collected 54 gold pieces.

Inventory:

Armour
 a - a +0 robe (worn)
Scrolls
 d - a scroll of magic mapping {unknown}
 e - a scroll of identify {unknown}
Potions
 g - a potion of curing
Books
 b - a book of Callings

   Spells                             Type                      Level
   a - Summon Small Mammal            Summoning                    1
   b - Call Imp                       Summoning                    2
   c - Call Canine Familiar           Summoning                    3
   d - Summon Guardian Golem          Hexes/Summoning              3
   e - Summon Lightning Spire         Summoning/Air                4
   f - Summon Ice Beast               Ice/Summoning                4
Comestibles
 i - 3 fruits


   Skills:
 + Level 2.4 Dodging
 + Level 2.5 Stealth
 + Level 3.8 Spellcasting
 * Level 5.2 Summonings


You had 6 spell levels left.
You knew the following spells:

 Your Spells              Type           Power        Failure   Level  Hunger
a - Summon Small Mammal   Summ           ###.         1%          1    None
b - Call Imp              Summ           ###.....     2%          2    ##.....


Dungeon Overview and Level Annotations

Branches:
Dungeon (2/15)

Altars:


Innate Abilities, Weirdness & Mutations

You have a pair of small horns on your head.
You are partially covered in icy blue scales. (AC +2)
You are weak. (Str -2)


Message History

You feel sick.
Your crimson imp barely misses the giant cockroach.
The giant cockroach bites your crimson imp.
You see here a frilled lizard corpse.
Your crimson imp closely misses the adder.
Your crimson imp hits the giant cockroach.
Your crimson imp barely misses the giant cockroach.
The adder misses you.
Your crimson imp disappears in a puff of smoke!
Your crimson imp blinks!
Your crimson imp barely misses the adder.
The adder misses you.
The giant cockroach bites you but does no damage.
There are monsters nearby!
* * * LOW HITPOINT WARNING * * *
You feel sick.
Your crimson imp hits the giant cockroach but does no damage.
The giant cockroach barely misses your crimson imp.
The adder bites you.
You die...

#........... #. #...........
#.# ### ##.#l..........# ..#
#.#.#+####.##.# #.#
#.#######.#5#.# #.##.# #.#
#.......#.#...# #.#..####.#
.........5.######.#.#..5#.#
......#.#.# #...#.#5#...#
##....#.#.####@......#.#####
#..............Ss....#.5...#
#.....#.###.#.#..5...#####5#
#.............#.(....# #.#
##....#.###.#.#......#####.#
#....#.#$#.#..#######5....#
#....#.###.#.....# #.#####
## #............#.#.####†#
.###....#.###.#........5.#


You could see an adder, a giant cockroach and 2 friendly crimson imps.

Vanquished Creatures (collateral kills)
  An adder (D:2)
  An ooze (D:1)
  A dart slug (D:2)
  2 leopard geckos
  6 bats
  2 giant cockroaches (D:1)
  2 goblins (D:1)
  5 hobgoblins
  6 kobolds (D:1)
  A quokka (D:2)
  9 frilled lizards
  4 rats
40 creatures vanquished.

Notes
Turn   | Place    | Note
-------+----------+-------------------------------------------
     0 | D:1      | Malomalsky the Deep Elf Summoner began the quest for the Orb.
     0 | D:1      | Reached XP level 1. HP: 10/10 MP: 6/6
   270 | D:1      | Reached XP level 2. HP: 15/15 MP: 4/8
   743 | D:1      | Reached skill level 5 in Summonings
   809 | D:1      | Learned a level 2 spell: Call Imp
  1214 | D:2      | Reached XP level 3. HP: 19/19 MP: 3/10
  1283 | D:2      | Gained mutation: You are weak. (Str -2) [potion of mutation]
  1283 | D:2      | Gained mutation: You have a pair of small horns on your head. [potion of mutation]
  1283 | D:2      | Gained mutation: You are partially covered in icy blue scales. (AC +2) [potion of mutation]
  1426 | D:2      | Slain by an adder

Skill      XL: |  1  2 |
---------------+-------+-----
Summonings     | 5 |  5.2
Dodging        | |  2.4
Stealth        | |  2.5
Spellcasting   | |  3.8

Action                   || total
-------------------------++-------
Melee: Unarmed           ||     9
 Cast: Summon Small Mamm ||    44
       Call Imp          ||    19
  Use: Potion            ||     4
  Eat: Bread ration      ||     1
Armor: Robe              ||    19
Dodge: Dodged            ||    48
